 Dungeon Crawl Stone Soup version 0.30.0-10-gfe55d96785 (webtiles) character file.

Game seed: 16042911910068963642

9952 McKennaii the Destroyer (level 11, -1/74 HPs)
             Began as a Demigod Conjurer on May 14, 2023.
             Shot with an arrow by a centaur warrior (24 damage)
             ... on level 10 of the Dungeon.
             The game lasted 00:21:04 (14038 turns).

McKennaii the Destroyer (Demigod Conjurer)         Turns: 14038, Time: 00:21:04

Health: -1/74      AC:  5    Str: 15    XL:     11   Next: 9%
Magic:  29/29      EV: 12    Int: 32    God:
Gold:   1018       SH:  5    Dex: 17    Spells: 17/30 levels left

rFire   + + .        N - +0 morningstar of Ruination {flame, Str+3 Dex+2}
rCold   + + +        (no shield)
rNeg    . . .        w - +2 robe {rC+ rF+}
rPois   .            (no helmet)
rElec   +            K - scarf {repulsion}
rCorr   .            h - +0 pair of gloves
SInv    .            (no boots)
Will    ++...        L - amulet of reflection
Stlth   ++           m - ring of Ossequ {Drain rElec rC+ Will+ Str+8}
HPRegen 0.32/turn    J - ring of Lady Luck {+Blink rF+ rC+ Str-4 Dex+3}
MPRegen 0.21/turn

%: repel missiles, reflection
@: no status effects
A: high MP 1, forlorn, divine attributes
a: Evoke Blink


You were on level 10 of the Dungeon.
You visited 1 branch of the dungeon, and saw 10 of its levels.
You also visited: Ossuary and Bailey.

You collected 1018 gold pieces.

Inventory:

Hand Weapons
 N - the +0 morningstar of Ruination (weapon) {flame, Str+3 Dex+2}
   (You took it off a kobold in a bailey)

   Str:       It affects your strength (+3).
   Dex:       It affects your dexterity (+2).
Armour
 h - a +0 pair of gloves (worn)
 n - +0 fire dragon scales
 w - a +2 robe of resistance (worn)
 K - a scarf of repulsion (worn)
Magical Staves
 P - the staff of air "Pallaschi" {rElec rF- Str+3 Int+2}
   (You found it on level 10 of the Dungeon)

   [staff of air]

   Base accuracy: +5 Base damage: 5 Base attack delay: 1.2 This weapon's minimum
   attack delay (0.6) is reached at skill level 12.
   Str:       It affects your strength (+3).
   Int:       It affects your intelligence (+2).
   rF:        It makes you vulnerable to fire.
   rElec:     It insulates you from electricity.
   It falls into the 'Staves' category.
   It is a one-handed weapon.
Jewellery
 m - the ring of Ossequ (left hand) {Drain rElec rC+ Will+ Str+8}
   (You found it on level 2 of the Dungeon)

   [ring of willpower]

   Str:       It affects your strength (+8).
   rC:        It protects you from cold.
   rElec:     It insulates you from electricity.
   Drain:     It drains your maximum health when unequipped.
   Will:      It increases your willpower.
 C - a ring of willpower
 J - the ring of Lady Luck (right hand) {+Blink rF+ rC+ Str-4 Dex+3}
   (You found it on level 6 of the Dungeon)

   [ring of protection from cold]

   Str:       It affects your strength (-4).
   Dex:       It affects your dexterity (+3).
   rF:        It protects you from fire.
   rC:        It protects you from cold.
   +Blink:    It lets you blink.
 L - an amulet of reflection (around neck)
 M - a ring of flight
Wands
 s - a wand of iceblast (6)
 A - a wand of charming (13)
 E - a wand of polymorph (13)
 H - a wand of flame (23)
Scrolls
 c - 3 scrolls of enchant weapon
 d - 7 scrolls of teleportation
 e - 2 scrolls of blinking {unknown}
 f - 6 scrolls of immolation
 i - 3 scrolls of magic mapping
 j - 3 scrolls of fear
 r - 3 scrolls of fog
 t - 3 scrolls of brand weapon {unknown}
 v - a scroll of identify
 y - 4 scrolls of amnesia {unknown}
 F - 2 scrolls of noise {unknown}
 I - a scroll of torment
Potions
 a - a potion of ambrosia {unknown}
 b - a potion of magic
 g - 6 potions of curing {unknown}
 k - 7 potions of degeneration {unknown}
 l - 3 potions of attraction {unknown}
 o - a potion of invisibility
 p - 3 potions of might {unknown}
 q - 8 potions of flight
 u - 3 potions of lignification {unknown}
 x - 4 potions of brilliance {unknown}
 z - 3 potions of cancellation {unknown}
 B - 3 potions of haste {unknown}
 D - a potion of berserk rage {unknown}
 G - 2 potions of heal wounds {unknown}


   Skills:
 - Level 1.7 Dodging
 - Level 1.7 Stealth
 + Level 10.3 Spellcasting
 + Level 11.6 Conjurations
 + Level 5.0 Earth Magic


You had 17 spell levels left.
You knew the following spells:

 Your Spells              Type           Power      Damage    Failure   Level
a - Magic Dart            Conj           100%       1d8       1%          1
b - Searing Ray           Conj           100%       2d8       1%          2
c - Iskenderun's Mystic   Conj/Tloc      52%        2d11      2%          4
d - Iron Shot             Conj/Erth      31%        9d6       14%         6

Your spell library contained the following spells:

 Spells                   Type           Power      Damage    Failure   Level
 Momentum Strike          Conj/Tloc      100%       3d10      1%          2
 Dazzling Flash           Conj/Hex       100%       N/A       1%          3
 Hailstorm                Conj/Ice       52%        3d12      1%          3
 Mephitic Cloud           Conj/Pois/Air  41%        N/A       1%          3
 Fulminant Prism          Conj/Hex       26%        3d14      2%          4
 Freeze                   Ice            64%        1d7       3%          1
 Blink                    Tloc           32%        N/A       4%          2
 Call Imp                 Summ           32%        N/A       4%          2
 Ensorcelled Hibernation  Hex/Ice        32%        N/A       4%          2
 Lesser Beckoning         Tloc           32%        N/A       4%          2
 Frozen Ramparts          Ice            32%        1d5       9%          3
 Inner Flame              Hex/Fire       16%        N/A       9%          3
 Spider Form              Tmut/Pois      16%        N/A       9%          3
 Animate Armour           Summ/Erth      64%        N/A       11%         4
 Anguish                  Hex/Necr       8%         N/A       28%         4
 Ice Form                 Ice/Tmut       16%        N/A       28%         4
 Summon Ice Beast         Ice/Summ       16%        N/A       28%         4
 Agony                    Necr           16%        N/A       63%         5
 Blade Hands              Tmut           8%         N/A       63%         5
 Silence                  Hex/Air        8%         N/A       63%         5
 Yara's Violent Unravell  Hex/Tmut       8%         3d5       63%         5
 Enfeeble                 Hex            8%         N/A       100%        7


Dungeon Overview and Level Annotations

Branches:
Dungeon (10/15)            Temple (0/1) D:5         Ossuary (visited)
 Bailey (visited)
   Lair: D:8-11         Orc: D:9-12

Shops:
D:3 [   D:10 *


Innate Abilities, Weirdness & Mutations

You have an increased reservoir of magic. (+10% MP)
You shall have no god before yourself.
Your divine heritage dramatically boosts your attributes as you level up.


Message History

Things that are here:
a phial of floods; a +2 great sword of protection
Things that are here:
the staff of air "Pallaschi" {rElec rF- Str+3 Int+2}; a +1 short sword of speed
Found 5 stones.
Search for what [? for help]? staff
Things that are here:
the staff of air "Pallaschi" {rElec rF- Str+3 Int+2}; a +1 short sword of speed
P - the staff of air "Pallaschi" {rElec rF- Str+3 Int+2}
Found Rofu's Demolitions Depot.
A centaur warrior comes into view.
The magic dart hits the centaur warrior but does no damage.
The centaur warrior shouts!
The centaur warrior wields a +0 shortbow.
The centaur warrior shoots an arrow.
The arrow hits you!
Aiming: Quicksilver Bolt
Press: ? - help, Shift-Dir - straight line, f/p - centaur warrior
Aim: a centaur warrior, wielding a +0 shortbow (79% to hit)
The bolt of dispelling energy hits the centaur warrior!
The centaur warrior is moderately wounded.
The centaur warrior shoots an arrow.
The arrow hits you!!
The centaur warrior shoots an arrow.
The arrow closely misses you.
Unknown command.
Aiming: Quicksilver Bolt
Press: ? - help, Shift-Dir - straight line, f/p - centaur warrior
Aim: a centaur warrior, wielding a +0 shortbow (moderately wounded, 79% to hit)
The bolt of dispelling energy hits the centaur warrior!
The centaur warrior is heavily wounded.
The centaur warrior shoots an arrow.
The arrow hits you!
* * * LOW HITPOINT WARNING * * *
Unknown command.
Unknown command.
Aiming: Quicksilver Bolt
Press: ? - help, Shift-Dir - straight line, f/p - centaur warrior
Aim: a centaur warrior, wielding a +0 shortbow (heavily wounded, 79% to hit)
The bolt of dispelling energy hits the centaur warrior!
The centaur warrior is severely wounded.
The now-empty wand crumbles to dust.
The centaur warrior shoots an arrow.
The arrow hits you!!
You die...

******#,*#.# ***,.,***,,#}.##.##.
*,,,,**,##.###...#**,**,#..#.#.#.
*,,,,**,#..†...#**,*,,,,###.#.#.#
*,,,,**,#.†.)###,,.#,,####.#.#.#.
*,,,,**,#..##...,*...,,.#.#.#.#.#
*,,,,**,.c...###{.,#..##.#.#.#.#.
*,,,,**#...#...###,#.....##.#.#.#
,,,,,,,.....*#...###,##....#.#.#.
******##.#..**,#@..###..#[.##.##.
,,,,,,,#.#..,,,###...#########...
****,,,*,*,,,*######...##..#.....
*,,,,,,,,**,,*#......#..#..#.###.
*,,,,,*****,..#..#..###.##.#..(#.
,,,,,,,,,,,,#...○....##..#.#####.
*,,,,,,,,,,*##.#○☼.#...#.##.....#
,,,,,,,,,,,**#.......#.#..#.....#
,,,,,,,,,,,,.....#..#...#.##...##


You could see a centaur warrior.

Vanquished Creatures
  A death knight (D:10)
  A wizard (D:7)
  Pikel (D:5)
  An unseen horror (D:10)
  Psyche (D:10)
  3 trolls
  Grinder (D:5)
  Prince Ribbit (D:5)
  2 wraiths (D:10)
  A shadow (D:10)
  A vampire (D:10)
  A human (D:9)
  A yak (D:9)
  2 wyverns
  3 hogs (D:9)
  Menkaure (D:5)
  2 vampire mosquitoes (D:10)
  4 acid dragons
  Duvessa (D:6)
  A water moccasin (D:7)
  An ice beast (D:8)
  10 orc warriors
  2 ogres (D:5)
  6 centaurs
  3 phantoms
  Blork the orc (D:5)
  A kobold brigand (D:9)
  2 bullfrogs (D:6)
  2 gnoll sergeants
  4 scorpions
  Dowan (D:6)
  3 water moccasin zombies (Ossuary)
  7 wights
  9 howler monkeys
  3 hounds
  2 jellies (D:5)
  Crazy Yiuf (D:3)
  4 orc priests
  3 sleepcaps
  6 iguanas
  6 orc wizards
  3 mummies
  5 adders
  9 gnolls
  2 shadow imps
  A white imp (D:4)
  6 adder zombies (Ossuary)
  2 dart slugs
  30 orcs
  10 ball pythons
  6 endoplasms
  3 gnoll zombies (Ossuary)
  17 goblins
  13 hobgoblins
  4 jackals (D:1)
  27 kobolds
  3 quokkas
  9 bats
  6 frilled lizards
  8 hobgoblin zombies
  2 kobold zombies (Ossuary)
  5 orc zombies (Ossuary)
  3 rats
281 creatures vanquished.

Notes
Turn   | Place    | Note
-------+----------+-------------------------------------------
     0 | D:1      | McKennaii the Demigod Conjurer began the quest for the Orb.
     0 | D:1      | Reached XP level 1. HP: 14/14 MP: 5/5
   346 | D:1      | Reached XP level 2. HP: 14/20 MP: 1/7
   713 | D:1      | Reached skill level 4 in Conjurations
  1280 | D:1      | Reached XP level 3. HP: 26/26 MP: 7/9
  1601 | D:2      | Identified the ring of Ossequ {Drain rElec rC+ Will+ Str+8}
  2344 | D:3      | Learned a level 2 spell: Searing Ray
  2472 | D:3      | Found Etaump's Antique Armour Shoppe.
  2981 | D:3      | Reached XP level 4. HP: 33/33 MP: 6/11
  3279 | D:3      | Found a runed translucent door.
  3280 | D:3      | Noticed Crazy Yiuf
  3574 | D:4      | Learned a level 4 spell: Iskenderun's Mystic Blast
  3743 | D:4      | Reached skill level 5 in Conjurations
  3743 | D:4      | Reached XP level 5. HP: 28/38 MP: 0/13
  4259 | D:4      | Reached XP level 6. HP: 45/45 MP: 8/15
  5065 | D:5      | Entered Level 5 of the Dungeon
  5065 | D:5      | Noticed Menkaure
  5069 | D:5      | Killed Menkaure
  5070 | D:5      | Reached skill level 6 in Conjurations
  5117 | D:5      | Noticed Blork the orc
  5124 | D:5      | Killed Blork the orc
  5125 | D:5      | Reached skill level 5 in Spellcasting
  5125 | D:5      | Reached XP level 7. HP: 43/50 MP: 11/17
  5410 | D:5      | Found a staircase to the Ecumenical Temple.
  5486 | D:5      | Found a sand-covered staircase.
  5494 | Ossuary  | Entered an ossuary
  5553 | Ossuary  | Reached skill level 7 in Conjurations
  6012 | D:5      | Noticed Pikel
  6022 | D:5      | Killed Pikel
  6023 | D:5      | Reached XP level 8. HP: 57/57 MP: 8/21
  6107 | D:5      | Reached skill level 8 in Conjurations
  6158 | D:5      | Noticed Prince Ribbit
  6178 | D:5      | Killed Prince Ribbit
  6338 | D:5      | Noticed Grinder
  6566 | D:5      | Killed Grinder
  6860 | D:6      | Noticed Duvessa
  6860 | D:6      | Noticed Dowan
  6864 | D:6      | Killed Dowan
  6875 | D:6      | Killed Duvessa
  7083 | D:6      | Reached XP level 9. HP: 62/62 MP: 17/24
  7296 | D:6      | Reached skill level 9 in Conjurations
  8398 | D:6      | Identified the ring of Lady Luck {+Blink rF+ rC+ Str-4
                  | Dex+3}
  8826 | D:3      | Killed Crazy Yiuf
  9229 | D:7      | Noticed a wizard
  9250 | D:7      | Killed a wizard
  9251 | D:7      | Reached skill level 10 in Conjurations
 10359 | D:8      | Reached XP level 10. HP: 69/69 MP: 22/27
 10398 | D:8      | Learned a level 6 spell: Iron Shot
 10701 | D:9      | Reached skill level 1 in Earth Magic
 11502 | D:9      | Reached skill level 11 in Conjurations
 11758 | D:10     | Entered Level 10 of the Dungeon
 11770 | D:10     | Noticed Psyche
 11779 | D:10     | Killed Psyche
 11855 | D:10     | Found a flagged portal.
 11874 | Bailey   | Entered a bailey
 12019 | Bailey   | Identified the +0 morningstar of Ruination {flame, Str+3
                  | Dex+2}
 12670 | D:10     | Noticed a death knight
 12815 | D:10     | Reached skill level 10 in Spellcasting
 13210 | D:10     | Killed a death knight
 13211 | D:10     | Reached XP level 11. HP: 22/74 MP: 10/29
 13589 | D:10     | Reached skill level 5 in Earth Magic
 13961 | D:10     | Identified the +2 pair of boots "Koukogra" {rPois rF+ Str-3
                  | Slay+3 Stlth+}
 13978 | D:10     | Identified the staff of air "Pallaschi" {rElec rF- Str+3
                  | Int+2}
 14021 | D:10     | Found Rofu's Demolitions Depot.
 14034 | D:10     | Noticed a centaur warrior
 14038 | D:10     | Shot with an arrow by a centaur warrior

Illustrated notes

Levels and vault maps discovered:
D:1:      elethiomel_arrival_shortcut, layout_basic
D:2:      layout_loops_ring, basic_ecumenical_altar, basic_altar
D:3:      layout_loops_ring, nzn_wu_jian_contemplation, serial_shops, shop,
          uniq_crazy_yiuf_cottage
D:4:      layout_basic, minmay_quantized
D:5:      layout_cave_pools, mainiacjoe_overflow_catwalk_spiral,
          mainiacjoe_overflow_small_starburst, grunt_dithmenos_smoke,
          minmay_temple_entry_stoned_glass, nicolae_ossuary_entry_giza,
          uniq_prince_ribbit1, uniq_pikel, uniq_grinder, uniq_menkaure,
          uniq_blork_the_orc
D:6:      layout_basic, kennysheep_generic_room_12, uniq_duvessa
D:7:      cheibrodos_wizards_tower, layout_rooms,
          mainiacjoe_overflow_tiny_flanked, chequers_mini_garden
D:8:      layout_rooms, xom_redecorated, kennysheep_mini_moat,
          nicolae_qazlal_scattered_showers, skrybe_limestone_x
D:9:      layout_roguey, grunt_livestock
D:10:     minmay_the_grid_four_pointed_star
          [minmay_the_grid_triangle_9x9_thin_v,
          minmay_the_grid_triangle_9x9_alien,
          minmay_the_grid_triangle_9x9_intruding_spiral,
          minmay_the_grid_triangle_9x9_steps,
          minmay_the_grid_prize_four_corners_diamond_b], layout_basic,
          fedhas_altar_2, enter_bailey_3, nicolae_blasting_shop, uniq_psyche

Skill      XL: |  1  2  3  4  5  6  7  8  9 10 11 |
---------------+----------------------------------+-----
Spellcasting   | 2 3 4 5 6 7 9 10 | 10.3
Conjurations   | 4 5 6 7 8 10 11 | 11.6
Earth Magic    | 4 5 |  5.0
Dodging        | |  1.7
Stealth        | |  1.7

Action                     |  1- 3 |  4- 6 |  7- 9 | 10-12 || total
---------------------------+-------+-------+-------+-------++-------
  Melee: Unarmed           |    20 |       |       |       ||    20
         Hand axe          |       |       |     6 |     7 ||    13
         Morningstar       |       |       |       |    11 ||    11
   Cast: Magic Dart        |   115 |    79 |   158 |    84 ||   436
         Searing Ray       |       |    10 |    54 |    49 ||   113
         Iskenderun's Myst |       |       |    27 |    27 ||    54
         Iron Shot         |       |       |       |     1 ||     1
  Evoke: Wand              |       |       |     6 |     9 ||    15
    Use: Scroll            |       |       |    11 |     1 ||    12
 Armour: Robe              |     9 |     6 |     9 |    15 ||    39
  Dodge: Dodged            |    14 |    15 |    55 |    60 ||   144
         Repelled          |       |       |       |     6 ||     6
  Block: Other             |       |       |       |    19 ||    19
         Reflection        |       |       |       |     5 ||     5
